 Dungeon Crawl Stone Soup version 0.21.1-1-g345015f (webtiles) character file.

24209 inc the Destroyer (level 13, 0/98 HPs)
             Began as a Gnoll Conjurer on June 9, 2018.
             Was an Initiate of Gozag.
             Slain by a tyrant leech (16 damage)
             ... on level 3 of the Lair of Beasts.
             The game lasted 00:46:02 (17175 turns).

inc the Destroyer (Gnoll Conjurer)                 Turns: 17175, Time: 00:46:03

Health: 0/98       AC: 12    Str: 15    XL:     13   Next: 11%
Magic:  14/26      EV: 16    Int: 21    God:    Gozag
Gold:   1333       SH:  6    Dex: 15    Spells: 15/30 levels left

rFire    . . .     SeeInvis .   x - +5 rapier (speed)
rCold    . . .     Gourm    .   B - +0 buckler of Waceol {rPois MR+}
rNeg     . . .     Faith    .   r - +0 ring mail (curse)
rPois    +         Spirit   .   t - +0 helmet
rElec    .         Reflect  .   W - scarf {repulsion}
rCorr    .         Harm     .   P - +0 pair of gloves
MR       +....                  (no boots)
Stlth    +++.......             (no amulet)
HPRegen  0.26/turn              q - +3 ring of protection
MPRegen  0.20/turn              N - +2 ring of strength

@: gold aura, repel missiles
A: distributed training, fangs 1, strong nose
a: Potion Petition, Call Merchant, Bribe Branch, Renounce Religion


You were on level 3 of the Lair of Beasts.
You worshipped Gozag.
Gozag was most pleased with you.
You were not hungry.

You visited 2 branches of the dungeon, and saw 15 of its levels.

You collected 2807 gold pieces.
You paid 1474 gold pieces to Gozag.

Inventory:

Hand Weapons
 x - a +5 rapier of speed (weapon)
Armour
 n - a +0 leather armour
 r - a cursed +0 ring mail (worn)
 t - a +0 helmet (worn)
 B - the +0 buckler of Waceol (worn) {rPois MR+}
   (You found it on level 5 of the Dungeon)

   It protects you from poison.
   It affects your resistance to hostile enchantments.
 P - a +0 pair of gloves (worn)
 W - a scarf of repulsion (worn)
Magical Staves
 J - an uncursed staff of wizardry
Jewellery
 e - an uncursed ring of ice
 q - a +3 ring of protection (left hand)
 C - an uncursed ring of loudness
 N - a +2 ring of strength (right hand)
 Z - an uncursed ring of resist corrosion {unknown}
Wands
 y - a wand of flame (21)
 H - a wand of enslavement (34)
 I - a wand of disintegration (12)
 Q - a wand of clouds (6)
Scrolls
 d - 3 scrolls of teleportation
 f - a scroll of enchant armour
 i - a scroll of magic mapping
 w - a scroll of fear
 G - a scroll of random uselessness {unknown}
 O - 3 scrolls of remove curse
 R - 2 scrolls of holy word {unknown}
 S - 2 scrolls of identify
 U - a scroll of blinking {unknown}
 V - a scroll of amnesia
 Y - 3 scrolls of brand weapon {unknown}
Potions
 g - 3 potions of lignification
 j - 2 potions of cancellation
 k - a potion of haste {unknown}
 l - a potion of agility {unknown}
 m - 3 potions of heal wounds
 o - a potion of magic
 p - a potion of might
 s - 3 potions of brilliance
 u - 2 potions of curing {unknown}
 z - 3 potions of resistance {unknown}
 F - a potion of berserk rage
 K - 2 potions of degeneration
 L - a potion of mutation {unknown}
 M - a potion of ambrosia {unknown}
Books
 a - a book of Changes

   Spells                             Type                      Level
   a - Beastly Appendage              Transmutation                1
   b - Sticks to Snakes               Transmutation                2
   c - Spider Form                    Transmutation/Poison         3
   d - Ice Form                       Ice/Transmutation            4
   e - Blade Hands                    Transmutation                5
 c - a book of Conjurations

   Spells                             Type                      Level
   a - Magic Dart                     Conjuration                  1
   b - Searing Ray                    Conjuration                  2
   c - Dazzling Spray                 Conjuration/Hexes            3
   d - Fulminant Prism                Conjuration/Hexes            4
   e - Force Lance                    Conjuration/Translocation    4
   f - Iskenderun's Mystic Blast      Conjuration                  4
 h - a Young Poisoner's Handbook

   Spells                             Type                      Level
   a - Sting                          Conjuration/Poison           1
   b - Poisonous Vapours              Poison/Air                   2
   c - Mephitic Cloud                 Conjuration/Poison/Air       3
   d - Olgreb's Toxic Radiance        Poison                       4
   e - Venom Bolt                     Conjuration/Poison           5
 E - a book of Minor Magic

   Spells                             Type                      Level
   a - Magic Dart                     Conjuration                  1
   b - Blink                          Translocation                2
   c - Call Imp                       Summoning                    2
   d - Slow                           Hexes                        2
   e - Conjure Flame                  Conjuration/Fire             3
   f - Mephitic Cloud                 Conjuration/Poison/Air       3
 X - a book of Maledictions

   Spells                             Type                      Level
   a - Corona                         Hexes                        1
   b - Ensorcelled Hibernation        Hexes/Ice                    2
   c - Confuse                        Hexes                        3
   d - Tukima's Dance                 Hexes                        3
   e - Dazzling Spray                 Conjuration/Hexes            3
Miscellaneous
 T - a phial of floods
Comestibles
 b - 18 rations


   Skills:
 + Level 7.8 Fighting
 + Level 7.8 Short Blades
 + Level 7.8 Long Blades
 + Level 7.8 Axes
 + Level 7.8 Maces & Flails
 + Level 7.8 Polearms
 + Level 7.8 Staves
 + Level 7.8 Slings
 + Level 7.8 Bows
 + Level 7.8 Crossbows
 + Level 7.8 Throwing
 + Level 7.8 Armour
 + Level 9.1 Dodging
 + Level 9.0 Stealth
 + Level 7.8 Shields
 + Level 7.8 Unarmed Combat
 + Level 9.3 Spellcasting
 + Level 9.7 Conjurations
 + Level 6.5 Hexes
 + Level 6.5 Charms
 + Level 6.5 Summonings
 + Level 6.5 Necromancy
 + Level 6.5 Translocations
 + Level 6.5 Transmutations
 + Level 6.5 Fire Magic
 + Level 6.5 Ice Magic
 + Level 6.5 Air Magic
 + Level 6.5 Earth Magic
 + Level 6.5 Poison Magic
 + Level 8.6 Invocations
 + Level 7.8 Evocations


You had 15 spell levels left.
You knew the following spells:

 Your Spells              Type           Power        Failure   Level  Hunger
a - Magic Dart            Conj           ####         1%          1    None
b - Searing Ray           Conj           ######       1%          2    None
c - Dazzling Spray        Conj/Hex       #####.       1%          3    None
d - Mephitic Cloud        Conj/Pois/Air  #####...     1%          3    None
e - Blink                 Tloc           N/A          1%          2    None
f - Fulminant Prism       Conj/Hex       #####.....   4%          4    ##.....


Dungeon Overview and Level Annotations

Branches:
Dungeon (12/15)            Temple (0/1) D:6            Lair (3/6) D:8
  Swamp (0/4) Lair:3
  Snake: Lair:2-4    Spider: Lair:2-4       Orc: D:9-12

Altars:
Dithmenos
Fedhas
Gozag
Hepliaklqana
Kikubaaqudgha
Makhleb
Okawaru
Qazlal
Ru
Zin
The Shining One

Shops:
D:6 !   D:8 *   D:11 [

Annotations:
D:3 Ethylacetat's ghost, amateur DsCK
D:5 tidbits's ghost, amateur GnEn
D:12 doot's ghost, journeyman DsAK
Lair:1 Fannar


Innate Abilities, Weirdness & Mutations

Your experience applies equally to all skills.
You have very sharp teeth.
Your uncanny sense of smell can sniff out nearby items.


Message History

The stinking cloud engulfs the swamp worm.
The swamp worm is heavily wounded.
The tyrant leech is engulfed in noxious fumes.
The tyrant leech appears confused.
The tyrant leech misses the swamp worm.
The tyrant leech is engulfed in noxious fumes.
You puncture the swamp worm!
The swamp worm is severely wounded.
You barely miss the swamp worm.
The swamp worm is severely wounded.
The swamp worm bites you but does no damage.
You miss the swamp worm.
The swamp worm is severely wounded.
You block the swamp worm's attack.
You hit the swamp worm.
The swamp worm is almost dead.
The tyrant leech bites the swamp worm.
The swamp worm is killed!
The tyrant leech bites you!
You die...
Your body crumbles into a pile of gold.

♣♣♣♣ ### ♣♣≈§§♣
###.####♣♣§≈≈§§♣##
..(......♣≈§§§§.w#
.........♣§§§§§♣@#
.........♣♣§§♣♣♣.#
..........♣♣ ♣♣..#
..........#♣ #P.##
...........###..#
...(.......##..##
#.#....#.####..#
........###.#..#
...............#


You could see a tyrant leech (confused).

Vanquished Creatures
  Snorg (D:11)
  3 hydras
  Erica (D:8)
  3 two-headed ogres
  The ghost of Ethylacetat the Martial Artist, a novice DsCK of Xom (D:8)
  Pikel (D:7)
  4 oklob plants (Lair:2)
  A manticore (D:12)
  Maurice (D:8)
  A gargoyle (D:11)
  7 spiny frogs
  3 komodo dragons
  A queen bee (D:8)
  3 trolls
  A hornet (D:10)
  6 blink frogs (Lair:2)
  2 hippogriffs
  A wraith (D:11)
  16 yaks
  Eustachio (D:4)
  2 basilisks (Lair:2)
  2 hungry ghosts
  A swamp worm (Lair:3)
  Edmund (D:4)
  3 water moccasins
  2 ice beasts
  4 porcupines
  A phantom (D:7)
  3 sky beasts
  2 necrophages
  4 orc warriors
  4 black bears
  2 ogres
  6 centaurs
  5 crocodiles
  12 bullfrogs
  A big kobold (D:10)
  4 scorpions
  A water moccasin skeleton (D:7)
  26 killer bees
  9 wights
  4 crimson imps
  4 hounds
  A centaur zombie (D:7)
  10 orc priests
  3 bullfrog skeletons
  3 jellies
  4 iguanas
  Natasha (thrice) (D:2)
  14 orc wizards
  6 worker ants
  A howler monkey zombie (D:7)
  Robin (D:3)
  A howler monkey skeleton (D:4)
  7 adders
  3 gnolls (D:7)
  A shadow imp (D:6)
  An ooze (D:1)
  4 dart slugs
  2 leopard geckos
  36 orcs
  6 giant cockroaches
  14 goblins
  7 hobgoblins
  9 jackals
  13 kobolds
  5 quokkas
  15 bats
  6 frilled lizards
  2 goblin skeletons (D:8)
  2 goblin zombies (D:8)
  A hobgoblin zombie (D:8)
  An orc skeleton (D:8)
  An orc zombie (D:8)
  8 rats
  A fulminant prism (D:8)
  A plant (Lair:2)
354 creatures vanquished.

Vanquished Creatures (collateral kills)
  A killer bee (D:8)
1 creature vanquished.

Vanquished Creatures (others)
  4 slaves
  A scorpion (D:8)
  A worker ant (D:8)
  2 goblin skeletons (D:8)
  A kobold skeleton (D:8)
  An orc zombie (D:8)
  10 fulminant prisms
  2 fungi (D:8)
22 creatures vanquished.

Grand Total: 377 creatures vanquished

Notes
Turn   | Place    | Note
-------+----------+-------------------------------------------
     0 | D:1      | inc the Gnoll Conjurer began the quest for the Orb.
     0 | D:1      | Reached XP level 1. HP: 13/13 MP: 6/6
   249 | D:1      | Reached XP level 2. HP: 19/19 MP: 4/7
   433 | D:1      | Reached XP level 3. HP: 25/25 MP: 7/9
   610 | D:1      | Reached skill level 5 in Spellcasting
   614 | D:1      | Learned a level 2 spell: Searing Ray
   618 | D:1      | Learned a level 3 spell: Dazzling Spray
   900 | D:2      | Reached skill level 1 in Invocations
   999 | D:2      | Found a sacrificial altar of Ru.
   999 | D:2      | Found an ancient bone altar of Kikubaaqudgha.
  1000 | D:2      | Found a burning altar of Makhleb.
  1213 | D:2      | Reached skill level 1 in Fighting
  1213 | D:2      | Reached skill level 1 in Short Blades
  1213 | D:2      | Reached skill level 1 in Long Blades
  1213 | D:2      | Reached skill level 1 in Axes
  1213 | D:2      | Reached skill level 1 in Maces & Flails
  1213 | D:2      | Reached skill level 1 in Polearms
  1213 | D:2      | Reached skill level 1 in Staves
  1213 | D:2      | Reached skill level 1 in Slings
  1213 | D:2      | Reached skill level 1 in Bows
  1213 | D:2      | Reached skill level 1 in Crossbows
  1213 | D:2      | Reached skill level 1 in Throwing
  1213 | D:2      | Reached skill level 1 in Armour
  1213 | D:2      | Reached skill level 1 in Shields
  1213 | D:2      | Reached skill level 1 in Unarmed Combat
  1213 | D:2      | Reached skill level 1 in Evocations
  1318 | D:2      | Noticed Natasha
  1321 | D:2      | Killed Natasha
  1321 | D:2      | Reached XP level 4. HP: 32/32 MP: 7/11
  1359 | D:2      | Reached skill level 1 in Hexes
  1359 | D:2      | Reached skill level 1 in Charms
  1359 | D:2      | Reached skill level 1 in Summonings
  1359 | D:2      | Reached skill level 1 in Necromancy
  1359 | D:2      | Reached skill level 1 in Translocations
  1359 | D:2      | Reached skill level 1 in Transmutations
  1359 | D:2      | Reached skill level 1 in Fire Magic
  1359 | D:2      | Reached skill level 1 in Ice Magic
  1359 | D:2      | Reached skill level 1 in Air Magic
  1359 | D:2      | Reached skill level 1 in Earth Magic
  1359 | D:2      | Reached skill level 1 in Poison Magic
  1385 | D:2      | Noticed Natasha
  1391 | D:2      | Killed Natasha
  1391 | D:2      | Reached XP level 5. HP: 29/37 MP: 0/12
  1620 | D:2      | Noticed Natasha
  1637 | D:2      | Killed Natasha
  2036 | D:3      | Found a shadowy altar of Dithmenos.
  2234 | D:3      | Noticed Ethylacetat's ghost (amateur DsCK)
  2389 | D:3      | Noticed Robin
  2395 | D:3      | Killed Robin
  2540 | D:3      | Reached XP level 6. HP: 42/44 MP: 8/13
  3001 | D:4      | Reached skill level 5 in Dodging
  3069 | D:4      | Noticed Edmund
  3106 | D:4      | Killed Edmund
  3106 | D:4      | Reached XP level 7. HP: 34/50 MP: 4/15
  3517 | D:4      | Noticed Eustachio
  3658 | D:4      | Killed Eustachio
  3658 | D:4      | Reached skill level 5 in Stealth
  4111 | D:5      | Entered Level 5 of the Dungeon
  4432 | D:5      | Reached XP level 8. HP: 48/57 MP: 5/16
  4534 | D:5      | Got a jewelled leather armour
  4538 | D:5      | Got a translucent buckler
  4549 | D:5      | Identified the cursed +0 leather armour of Midsummer {+Inv rC- rN+ Int+3} (You found it on level 5 of the Dungeon)
  4554 | D:5      | Identified the cursed +0 buckler of Waceol {rPois MR+} (You found it on level 5 of the Dungeon)
  4561 | D:5      | Noticed tidbits's ghost (amateur GnEn)
  4708 | D:5      | Found an iron altar of Okawaru.
  4767 | D:5      | Found a hazy altar of Hepliaklqana.
  4855 | D:5      | Found an opulent altar of Gozag.
  4856 | D:5      | Found a glowing silver altar of Zin.
  4924 | D:5      | Became a worshipper of Gozag Ym Sagoz the Greedy
  5145 | D:6      | Found a staircase to the Ecumenical Temple.
  5677 | D:6      | Found Letunu's Distillery.
  6146 | D:7      | Reached XP level 9. HP: 64/65 MP: 6/18
  6556 | D:7      | Found a sacrificial altar of Ru.
  6637 | D:7      | Learned a level 3 spell: Mephitic Cloud
  6640 | D:7      | Learned a level 2 spell: Blink
  6794 | D:7      | Got a twisted long sword
  6796 | D:7      | Identified the cursed +3 long sword of the Key {slice, Str+2} (You found it on level 7 of the Dungeon)
  7094 | D:7      | Found a stormy altar of Qazlal.
  7099 | D:7      | Found a blossoming altar of Fedhas.
  7788 | D:8      | Noticed Ethylacetat's ghost (novice DsCK)
  7976 | D:8      | Killed Ethylacetat's ghost
  7976 | D:8      | Reached skill level 5 in Invocations
  8200 | D:8      | Noticed a two-headed ogre
  8349 | D:8      | Noticed Pikel
  8350 | D:8      | Noticed a two-headed ogre
  8351 | D:8      | Noticed a queen bee
  8358 | D:7      | Reached XP level 10. HP: 66/73 MP: 13/20
  8369 | D:7      | Killed Pikel
  8683 | D:6      | Learned a level 4 spell: Fulminant Prism
  8725 | D:7      | Reached skill level 5 in Fighting
  8725 | D:7      | Reached skill level 5 in Short Blades
  8725 | D:7      | Reached skill level 5 in Long Blades
  8725 | D:7      | Reached skill level 5 in Axes
  8725 | D:7      | Reached skill level 5 in Maces & Flails
  8725 | D:7      | Reached skill level 5 in Polearms
  8725 | D:7      | Reached skill level 5 in Staves
  8725 | D:7      | Reached skill level 5 in Slings
  8725 | D:7      | Reached skill level 5 in Bows
  8725 | D:7      | Reached skill level 5 in Crossbows
  8725 | D:7      | Reached skill level 5 in Throwing
  8725 | D:7      | Reached skill level 5 in Armour
  8725 | D:7      | Reached skill level 5 in Shields
  8725 | D:7      | Reached skill level 5 in Unarmed Combat
  8725 | D:7      | Reached skill level 5 in Evocations
  8883 | D:7      | Killed a two-headed ogre
  9151 | D:8      | Noticed Maurice
  9158 | D:8      | Noticed Erica
  9415 | D:8      | Killed Erica
  9422 | D:8      | Killed Maurice
  9448 | D:8      | Killed a two-headed ogre
  9448 | D:8      | Reached XP level 11. HP: 31/81 MP: 8/22
 10026 | D:8      | Found a glowing golden altar of the Shining One.
 10138 | D:8      | Found a staircase to the Lair.
 10774 | D:9      | Reached skill level 5 in Hexes
 10774 | D:9      | Reached skill level 5 in Charms
 10774 | D:9      | Reached skill level 5 in Summonings
 10774 | D:9      | Reached skill level 5 in Necromancy
 10774 | D:9      | Reached skill level 5 in Translocations
 10774 | D:9      | Reached skill level 5 in Transmutations
 10774 | D:9      | Reached skill level 5 in Fire Magic
 10774 | D:9      | Reached skill level 5 in Ice Magic
 10774 | D:9      | Reached skill level 5 in Air Magic
 10774 | D:9      | Reached skill level 5 in Earth Magic
 10774 | D:9      | Reached skill level 5 in Poison Magic
 11380 | D:10     | Entered Level 10 of the Dungeon
 12363 | D:11     | Noticed a two-headed ogre
 12374 | D:11     | Killed a two-headed ogre
 12461 | D:11     | Noticed Snorg
 12478 | D:11     | Killed Snorg
 12553 | D:11     | Noticed a four-headed hydra
 12566 | D:11     | Reached XP level 12. HP: 88/89 MP: 8/24
 12674 | D:11     | Killed a four-headed hydra
 13862 | D:12     | Noticed doot's ghost (journeyman DsAK)
 13978 | Lair:1   | Entered Level 1 of the Lair of Beasts
 14157 | Lair:1   | Noticed Fannar
 15610 | Lair:2   | Noticed a seven-headed hydra
 16054 | Lair:2   | Killed a seven-headed hydra
 16728 | Lair:2   | Reached XP level 13. HP: 82/98 MP: 5/26
 17145 | Lair:3   | Found a staircase to the Swamp.
 17175 | Lair:3   | Slain by a tyrant leech

Skill      XL: |  1  2  3  4  5  6  7  8  9 10 11 12 13 |
---------------+----------------------------------------+-----
Spellcasting   | 5 6 7 8 9 |  9.3
Invocations    | 1 2 3 4 5 6 7 8 |  8.6
Fighting       | 1 2 3 4 5 6 7 |  7.8
Short Blades   | 1 2 3 4 5 6 7 |  7.8
Long Blades    | 1 2 3 4 5 6 7 |  7.8
Axes           | 1 2 3 4 5 6 7 |  7.8
Maces & Flails | 1 2 3 4 5 6 7 |  7.8
Polearms       | 1 2 3 4 5 6 7 |  7.8
Staves         | 1 2 3 4 5 6 7 |  7.8
Slings         | 1 2 3 4 5 6 7 |  7.8
Bows           | 1 2 3 4 5 6 7 |  7.8
Crossbows      | 1 2 3 4 5 6 7 |  7.8
Throwing       | 1 2 3 4 5 6 7 |  7.8
Armour         | 1 2 3 4 5 6 7 |  7.8
Shields        | 1 2 3 4 5 6 7 |  7.8
Unarmed Combat | 1 2 3 4 5 6 7 |  7.8
Evocations     | 1 2 3 4 5 6 7 |  7.8
Hexes          | 1 2 3 4 5 6 |  6.5
Charms         | 1 2 3 4 5 6 |  6.5
Summonings     | 1 2 3 4 5 6 |  6.5
Necromancy     | 1 2 3 4 5 6 |  6.5
Translocations | 1 2 3 4 5 6 |  6.5
Transmutations | 1 2 3 4 5 6 |  6.5
Fire Magic     | 1 2 3 4 5 6 |  6.5
Ice Magic      | 1 2 3 4 5 6 |  6.5
Air Magic      | 1 2 3 4 5 6 |  6.5
Earth Magic    | 1 2 3 4 5 6 |  6.5
Poison Magic   | 1 2 3 4 5 6 |  6.5
Dodging        | 5 6 7 8 9 |  9.1
Stealth        | 5 6 7 8 9 |  9.0
Conjurations   | 8 9 |  9.7

Action                   |  1- 3 |  4- 6 |  7- 9 | 10-12 | 13-15 || total
-------------------------+-------+-------+-------+-------+-------++-------
Melee: Whip              |     3 |    39 |       |       |       ||    42
       Bite              |       |     3 |    21 |    65 |     3 ||    92
       Flail             |       |       |    55 |       |       ||    55
       Rapier            |       |       |    50 |   613 |    23 ||   686
       Long sword        |       |       |    47 |    39 |       ||    86
 Cast: Magic Dart        |    65 |   104 |   115 |   122 |    10 ||   416
       Searing Ray       |     3 |     5 |    12 |     8 |     1 ||    29
       Dazzling Spray    |       |     3 |    39 |    60 |     3 ||   105
       Mephitic Cloud    |       |       |       |    44 |     2 ||    46
       Fulminant Prism   |       |       |       |    11 |       ||    11
       Blink             |       |       |       |     3 |       ||     3
Invok: Call Merchant     |       |       |       |     2 |       ||     2
  Use: Scroll            |       |       |    13 |     5 |       ||    18
       Potion            |       |       |     1 |     2 |       ||     3
 Stab: Sleeping          |       |       |     5 |    14 |     2 ||    21
       Distracted        |       |       |     1 |     1 |       ||     2
       Invisible         |       |       |     2 |     8 |     1 ||    11
       Confused          |       |       |       |    39 |       ||    39
  Eat: Chunk             |     1 |     5 |     7 |       |       ||    13
       Ration            |       |       |     4 |     9 |       ||    13
Armor: Robe              |     4 |       |       |       |       ||     4
       Leather armour    |     1 |    12 |    67 |   100 |     2 ||   182
       Ring mail         |       |       |       |       |     5 ||     5
Dodge: Dodged            |    18 |    40 |   194 |   335 |    16 ||   603
Block: Buckler           |       |       |    37 |   144 |    10 ||   191
       Rpst.: Long sword |       |       |    19 |    11 |       ||    30
